[Event "Late-Titled-Tuesday-Blitz-October-10-2023"]
[Site "Chess.com"]
[Date "2023.10.10"]
[Round "1"]
[White "jguerramzllo"]
[Black "carloseduar100"]
[Result "1-0"]
[WhiteElo "2652"]
[BlackElo "2332"]
[TimeControl "180+1"]
[EndTime "14:05:22 PDT"]
[Termination "jguerramzllo won by resignation"]

1. e4 e6 2. d4 d5 3. Nc3 Nf6 4. e5 Nfd7 5. f4 c5 6. Nf3 Nc6 7. Be3 Qb6 8. a3 Qxb2 9. Na4 Qxa1 10. Qxa1 cxd4 11. Nxd4 Be7 12. Bb5 Nxd4 13. Bxd4 O-O 14. O-O g6 15. Qc3 a6 16. Bxd7 Bxd7 17. Nb6 Bb5 18.
Nxa8 Bxf1 19. Kxf1 Rxa8 20. Qc7 Bxa3 21. Qxb7 Rd8 22.
Qxa6 Bf8 23. Ke2 h5 24. h3 Kg7 25. Qb7 Re8 26. c3 Re7 27. Qc8 1-0

[Event "Late-Titled-Tuesday-Blitz-October-10-2023"]
[Site "Chess.com"]
[Date "2023.10.10"]
[Round "1"]
[White "Oleksandr_Bortnyk"]
[Black "jup1978"]
[Result "1-0"]
[WhiteElo "3050"]
[BlackElo "2515"]
[TimeControl "180+1"]
[EndTime "14:05:27 PDT"]
[Termination "Oleksandr_Bortnyk won by resignation"]

1. e4 c5 2. c3 Nf6 3. e5 Nd5 4. d4 cxd4 5. Nf3 d6 6. cxd4 Nc6 7. Nc3 dxe5 8. dxe5 Nxc3 9. Qxd8+ Nxd8 10. bxc3 e6 11. Bd3 Bc5 12. Ke2 h6 13. Rd1 Bd7 14. Rb1 Bc6 15. Nd4 Bd5 16. Nb5 Rc8 17. Be3 Ke7 18. Nxa7 Bxa7 19. Bxa7 Rxc3 20. Bd4 Rc7 21. Bb6 Rd7 22.
Bc5+ Ke8 23. a4 Nc6 24. f4 Rc7 25. Bd6 Rc8 26. Ke3 Na5 27. Bb5+ Nc6 28. g4 Kd7 29. a5 Ra8 30. Ba4 Kc8 31. Rdc1 Rxa5 32. Bxc6 Bxc6 33. Rxc6+ bxc6 34. Rb8+ Kd7 35. Rxh8 Ra2 36. Rh7 Rxh2 37. Rxg7 Ke8 38. Rg8+ Kd7 39. Rf8 Rh3+ 40. Ke4 Rg3 41. Rxf7+ Kd8 42. Rf6 Rxg4 43. Rxe6 1-0

[Event "Late-Titled-Tuesday-Blitz-October-10-2023"]
[Site "Chess.com"]
[Date "2023.10.10"]
[Round "1"]
[White "ArtemDyachuk"]
[Black "cottage_cheese"]
[Result "1-0"]
[WhiteElo "2636"]
[BlackElo "2323"]
[TimeControl "180+1"]
[EndTime "14:05:27 PDT"]
[Termination "ArtemDyachuk won by checkmate"]

1. e4 e5 2. Nf3 Nc6 3. Bb5 a6 4. Ba4 Nf6 5. d3 b5 6. Bb3 Bc5 7. c3 d6 8. O-O O-O 9. h3 h6 10. d4 Bb6 11. Re1 Bb7 12. Bc2 Re8 13. a4 exd4 14.
cxd4 Nb4 15. Nbd2 Nxc2 16. Qxc2 d5 17. e5 Ne4 18. Nf1 c5 19. axb5 axb5 20. Rxa8 Qxa8 21. Be3 c4 22. N3d2 Nxd2 23. Nxd2 b4 24. f4 Qa7 25. Nf3 Qa2 26. f5 c3 27. f6 b3 28. Qf5 Qxb2 29. Qd7 Rb8 30. e6 fxe6 31. Qxg7# 1-0

[Event "Late-Titled-Tuesday-Blitz-October-10-2023"]
[Site "Chess.com"]
[Date "2023.10.10"]
[Round "1"]
[White "kuli4ik"]
[Black "Gentlejimmy7"]
[Result "1-0"]
[WhiteElo "2942"]
[BlackElo "2497"]
[TimeControl "180+1"]
[EndTime "14:05:28 PDT"]
[Termination "kuli4ik won by resignation"]

1. Nf3 f5 2. d3 Nc6 3. d4 d5 4. c4 e6 5. Nc3 Nf6 6. Bf4 Bb4 7.
e3 Ne4 8. Rc1 O-O 9. Be2 h6 10. h3 Nxc3 11. bxc3 Bd6 12. O-O Bxf4 13. exf4 Ne7 14. Re1 c6 15. Bd3 Bd7 16. Qb3 Qb6 17.
Ne5 Qxb3 18. axb3 Be8 19. c5 Rf6 20. g3 Ng6 21. Nf3 Bd7 22. Re2 b6 23. Ra2 bxc5 24. dxc5 Rf7 25. Rca1 Be8 26. h4 Rb7 27. b4 Re7 28. Nd4 Nf8 29. Ra6 Rc7 30. Bc2 g6 31. R1a5 Bd7 32. Ba4 Re8 33. Rxa7 Rxa7 34. Rxa7 e5 35.
fxe5 Rxe5 36. Bxc6 Bxc6 37. Nxc6 Re1+ 38. Kg2 Rc1 39. Ne7+ Kh8 40. Nxd5 Ne6 41. c6 1-0

[Event "Late-Titled-Tuesday-Blitz-October-10-2023"]
[Site "Chess.com"]
[Date "2023.10.10"]
[Round "1"]
[White "Grossboss19"]
[Black "OLDTERMINATOR"]
[Result "1-0"]
[WhiteElo "2525"]
[BlackElo "1590"]
[TimeControl "180+1"]
[EndTime "14:05:33 PDT"]
[Termination "Grossboss19 won on time"]

1. d4 Nf6 2. c3 g6 3. Nd2 d5 4. g3 Bg7 5. Bg2 c6 6. e4 dxe4 7. Nxe4 Nxe4 8. Bxe4 O-O 9. Ne2 Nd7 10. O-O Nf6 11.
Bg2 Bg4 12. h3 Bd7 13. Bf4 Nh5 14. Bg5 h6 15. Be3 a5 16. g4 Nf6 17. Qd2 Kh7 18. Ng3 Nd5 19. Rae1 Re8 20. f4 Qc7 21. Bxd5 cxd5 22. Qg2 Bc6 23. f5 a4 24. a3 Rad8 25. Rf2 Bf6 26. Bf4 Qc8 27. Be5 Bh4 28. fxg6+ Kxg6 29. Rf3 f6 30. Qc2+ 1-0

[Event "Late-Titled-Tuesday-Blitz-October-10-2023"]
[Site "Chess.com"]
[Date "2023.10.10"]
[Round "1"]
[White "HajiyevKanan"]
[Black "FM_Kappeler"]
[Result "0-1"]
[WhiteElo "2579"]
[BlackElo "2281"]
[TimeControl "180+1"]
[EndTime "14:05:35 PDT"]
[Termination "FM_Kappeler won by resignation"]

1. d4 Nf6 2. Nf3 e6 3. c4 d5 4. cxd5 exd5 5. Nc3 c6 6. Qc2 Be7 7. Bf4 Na6 8. e3 Nc7 9. Bd3 Ne6 10. Be5 g6 11. g4 Ng7 12. h3 O-O 13. O-O-O b5 14. Ne2 Be6 15. Kb1 Rc8 16. Nf4 Nd7 17. Bxg7 Kxg7 18.
Nxe6+ fxe6 19. Ne5 Nxe5 20. dxe5 c5 21. Bxb5 c4 22.
f4 Qb6 23. Qa4 Rb8 24. b3 Qxb5 25. Qxa7 Rb7 26. Qd4 cxb3 27. Ka1 bxa2 28. f5 Ba3 29.
f6+ Kh8 30. Kxa2 Bc5 0-1

[Event "Late-Titled-Tuesday-Blitz-October-10-2023"]
[Site "Chess.com"]
[Date "2023.10.10"]
[Round "1"]
[White "Baku_Boulevard"]
[Black "TheoSlade"]
[Result "1-0"]
[WhiteElo "3033"]
[BlackElo "2511"]
[TimeControl "180+1"]
[EndTime "14:05:36 PDT"]
[Termination "Baku_Boulevard won by resignation"]

1. e4 e5 2. Nf3 Nc6 3. Bb5 g6 4. h4 Bg7 5. h5 a6 6. Ba4 Nge7 7. d3 b5 8. Bb3 Na5 9. Nc3 O-O 10. hxg6 hxg6 11. Bg5 Nxb3 12. axb3 c6 13. Qd2 d6 14. Bh6 f5 15. Bxg7 Kxg7 16. Qh6+ Kf6 17.
d4 Be6 18. dxe5+ dxe5 19. Qh4+ Kg7 20. Rd1 Rh8 21. Qxh8+ Qxh8 22. Rxh8 Rxh8 23. Nxe5 fxe4 24. Nxe4 Bd5 25. f3 Nf5 26. Kf2 Re8 27. Ng4 Bxe4 28.
Rd7+ Kf8 29. fxe4 Rxe4 30. Kf3 Re7 31. Rd8+ Kg7 32. Kf4 Nh4 33. g3 Ng2+ 34. Kf3 Ne1+ 35. Kf4 Nxc2 36. Rd6 Nb4 37. Kg5 Kf7 38. Rxg6 Rd7 39. Ne5+ Ke7 40. Rg7+ Ke6 41. Nxd7 1-0

[Event "Late-Titled-Tuesday-Blitz-October-10-2023"]
[Site "Chess.com"]
[Date "2023.10.10"]
[Round "1"]
[White "ElCoachRene"]
[Black "Lady_Nika"]
[Result "0-1"]
[WhiteElo "2174"]
[BlackElo "2563"]
[TimeControl "180+1"]
[EndTime "14:05:42 PDT"]
[Termination "Lady_Nika won by resignation"]

1. d4 d5 2. Bf4 e6 3. e3 Bd6 4.
Bg3 f5 5. Nd2 Nf6 6. Ngf3 O-O 7.
c4 c6 8. c5 Bc7 9. b4 a6 10.
a4 Ne4 11. Nxe4 fxe4 12. Ne5 Nd7 13. Nxd7 Bxd7 14. Be2 Bxg3 15. hxg3 Qf6 16. O-O e5 17. dxe5 Qxe5 18. b5 axb5 19. axb5 cxb5 20. Rxa8 Rxa8 21. Qb3 Ra5 22. Rd1 Bc6 23. Qb4 Ra4 24. Qb3 Ra1 25.
Rxa1 Qxa1+ 26. Kh2 Qa4 27. Qb2 b4 28. Qe5 Qa8 29.
Bg4 Qe8 30. Qd6 b3 31. Be6+ Kh8 32. Bxd5 Qh5+ 33. Kg1 Qxd5 34. Qf8+ Qg8 0-1

[Event "Late-Titled-Tuesday-Blitz-October-10-2023"]
[Site "Chess.com"]
[Date "2023.10.10"]
[Round "1"]
[White "kreonx"]
[Black "h4parah5"]
[Result "0-1"]
[WhiteElo "2497"]
[BlackElo "2936"]
[TimeControl "180+1"]
[EndTime "14:05:43 PDT"]
[Termination "h4parah5 won by resignation"]

1. e4 c6 2. d4 d5 3. exd5 cxd5 4. Bd3 Nf6 5. h3 Nc6 6. c3 g6 7. Nf3 Bf5 8. O-O e6 9. Re1 Bd6 10. Bh6 a6 11. Ne5 Bxe5 12. dxe5 Nd7 13. Bf4 Qb6 14. Re2 Bxd3 15. Qxd3 Ndxe5 16. Bxe5 Nxe5 17. Rxe5 Qxb2 18. Re1 Qxa1 19. Qc2 O-O 20. Rd1 Rac8 21. Rd3 Rc5 22. Kh2 Rb5 23. Na3 Qb2 24. Qa4 Qxa2 25.
Rd4 Rb3 26. Nc2 Qxc2 0-1

[Event "Late-Titled-Tuesday-Blitz-October-10-2023"]
[Site "Chess.com"]
[Date "2023.10.10"]
[Round "1"]
[White "Eliwood44"]
[Black "kleinebeer98"]
[Result "0-1"]
[WhiteElo "2446"]
[BlackElo "2858"]
[TimeControl "180+1"]
[EndTime "14:05:43 PDT"]
[Termination "kleinebeer98 won by resignation"]

1. d4 Nf6 2. Nf3 Nc6 3. Nc3 e6 4. e4 d5 5. exd5 exd5 6. Bb5 Bd6 7. O-O O-O 8. Bg5 Bg4 9. h3 Bxf3 10. Qxf3 Nxd4 11. Qd3 Nxb5 12. Qxb5 h6 13. Bxf6 Qxf6 14. Qxd5 c6 15. Qf3 Qxf3 16. gxf3 Be5 17. Ne4 Rad8 18. Rad1 b6 19. c3 f5 20. Nd2 b5 21. Nb3 Bf6 22.
Nc5 Rfe8 23. Rd7 Re2 24. Rfd1 Rxd7 25. Nxd7 Bh4 26. Nb8 Rxb2 27. Nxc6 Bxf2+ 28. Kh1 f4 29. Rd8+ Kh7 30. Rd7 Rxa2 31. Nd8 Be1 32. Ne6 Bxc3 33.
Nxf4 a5 34. Nd5 Rd2 35. Nf6+ Kg6 36. Rxd2 Bxd2 37. Ne4 Bf4 38. Kg2 a4 39. Kf1 a3 40.
Nc3 b4 41. Nd5 a2 42. Nxf4+ Kf7 43. Nd3 a1=Q+ 0-1

[Event "Late-Titled-Tuesday-Blitz-October-10-2023"]
[Site "Chess.com"]
[Date "2023.10.10"]
[Round "1"]
[White "GMJustin"]
[Black "Zhbugnoimt"]
[Result "0-1"]
[WhiteElo "2167"]
[BlackElo "2557"]
[TimeControl "180+1"]
[EndTime "14:05:45 PDT"]
[Termination "Zhbugnoimt won on time"]

1. d4 Nf6 2. c4 e6 3. Nf3 d5 4. Nc3 Bb4 5. Bg5 h6 6. Bxf6 Qxf6 7. e3 O-O 8. Rc1 c6 9. Bd3 Nd7 10. O-O dxc4 11. Bxc4 e5 12. a3 exd4 13. axb4 dxc3 14.
bxc3 Nb6 15. Bb3 Bg4 16. h3 Rfd8 17. Qe2 Bh5 18. g4 Bg6 19. Nd4 a5 20. f4 Be4 21.
Bc2 Bxc2 22. Rxc2 axb4 23. cxb4 Nd5 24. b5 Ra3 25. bxc6 Rxe3 26. c7 Rc8 27. Qg2 Qxd4 0-1

[Event "Late-Titled-Tuesday-Blitz-October-10-2023"]
[Site "Chess.com"]
[Date "2023.10.10"]
[Round "1"]
[White "luizzy"]
[Black "NowInChess"]
[Result "0-1"]
[WhiteElo "2562"]
[BlackElo "2221"]
[TimeControl "180+1"]
[EndTime "14:05:47 PDT"]
[Termination "NowInChess won by resignation"]

1. b3 d6 2. Bb2 Nd7 3. e3 Ngf6 4. Nf3 g6 5. d4 Bg7 6. Be2 O-O 7. O-O e5 8. c4 e4 9. Nfd2 Re8 10. Nc3 Nf8 11. Qc2 Bf5 12. b4 h5 13. Rfc1 Ne6 14. a4 Nxd4 15. exd4 e3 16. Bd3 exf2+ 17. Kxf2 Ng4+ 18.
Kg1 Bxd4+ 19. Kh1 Nf2+ 20. Kg1 Nxd3+ 21. Kf1 Nxc1 22. Qxc1 Bd3+ 23. Ne2 Bxe2+ 24. Ke1 Bxc4+ 25. Kd1 Be2+ 26. Kc2 Qf6 27. Bxd4 Qxd4 28. Ra3 Qxb4 29. Rb3 Qxa4 30. Qb2 Re5 31. Kb1 Bd3+ 0-1

[Event "Late-Titled-Tuesday-Blitz-October-10-2023"]
[Site "Chess.com"]
[Date "2023.10.10"]
[Round "1"]
[White "schondeln"]
[Black "slow_jamz"]
[Result "1-0"]
[WhiteElo "2377"]
[BlackElo "2655"]
[TimeControl "180+1"]
[EndTime "14:05:48 PDT"]
[Termination "schondeln won by resignation"]

1. e4 c5 2. Nf3 e6 3. c3 Nf6 4. e5 Nd5 5. g3 Nc6 6. Bg2 d6 7. exd6 Bxd6 8. O-O O-O 9. d4 h6 10.
dxc5 Bxc5 11. Nbd2 b6 12. Ne4 Be7 13. Re1 Bb7 14.
a3 Na5 15. Ne5 Rc8 16. Bd2 Ba6 17. b3 Nf6 18. Nxf6+ Bxf6 19. c4 Qd4 20. Bxa5 Bxe5 21. Qxd4 Bxd4 22. Rad1 Rfd8 23. Bb4 e5 24. a4 Rc7 25.
Bd5 Rcd7 26. Kg2 g6 27. f4 Kg7 28. fxe5 Bb7 29. Bxb7 Rxb7 30. e6 fxe6 31. Rxe6 Rf7 32. Rxd4 Rxd4 33. Bc3 1-0

[Event "Late-Titled-Tuesday-Blitz-October-10-2023"]
[Site "Chess.com"]
[Date "2023.10.10"]
[Round "1"]
[White "Skatchkov_V"]
[Black "Nekoo04"]
[Result "1-0"]
[WhiteElo "2622"]
[BlackElo "2282"]
[TimeControl "180+1"]
[EndTime "14:05:48 PDT"]
[Termination "Skatchkov_V won on time"]

1. d4 d5 2. c4 e6 3. Nf3 Nf6 4. g3 Bb4+ 5. Nbd2 O-O 6. Bg2 Nbd7 7. O-O c6 8. Qc2 Be7 9. e4 b6 10. e5 Ne8 11. Rd1 Bb7 12. cxd5 cxd5 13. Nf1 Rc8 14. Qe2 Nb8 15. Ne3 Ba6 16. Qe1 Nc6 17. Bd2 Nc7 18. a4 Bd3 19. h4 a5 20. h5 Be4 21. h6 g6 22. Bc3 Nb4 23. Qe2 Qd7 24. Ng4 Nca6 25.
Bf1 Nb8 26. Nd2 Bf5 27. Qf3 Bxg4 28. Qxg4 N8c6 29. Ba6 Rc7 30. Bb5 Qc8 31. Nf1 1-0

[Event "Late-Titled-Tuesday-Blitz-October-10-2023"]
[Site "Chess.com"]
[Date "2023.10.10"]
[Round "1"]
[White "SereneSalmon"]
[Black "MMSANCHEZ"]
[Result "0-1"]
[WhiteElo "2414"]
[BlackElo "2755"]
[TimeControl "180+1"]
[EndTime "14:05:50 PDT"]
[Termination "MMSANCHEZ won by resignation"]

1. d4 Nf6 2. c4 e6 3. g3 d5 4. Bg2 Bb4+ 5. Bd2 a5 6. Nf3 O-O 7. Qc1 c5 8. dxc5 d4 9. Bxb4 axb4 10. Qf4 Nc6 11. O-O Re8 12. Nbd2 e5 13. Qh4 h6 14. Ne4 Nxe4 15. Qxe4 Qe7 16. Nd2 Qxc5 17. Qd3 f5 18. e4 f4 19. Nb3 Qe7 20. c5 Be6 21. Rfc1 Qf7 22. Bf1 Rf8 23. Qc2 Kh8 24.
Bc4 fxg3 25. fxg3 Bxc4 26. Qxc4 Qf2+ 27. Kh1 Qf3+ 28. Kg1 Qe3+ 29. Kh1 Rf2 0-1

[Event "Late-Titled-Tuesday-Blitz-October-10-2023"]
[Site "Chess.com"]
[Date "2023.10.10"]
[Round "1"]
[White "K_alena13"]
[Black "pedromartinez91"]
[Result "0-1"]
[WhiteElo "2134"]
[BlackElo "2550"]
[TimeControl "180+1"]
[EndTime "14:05:51 PDT"]
[Termination "pedromartinez91 won by resignation"]

1. Nf3 d5 2. d4 Nf6 3. c4 c5 4. cxd5 cxd4 5. Qxd4 Qxd5 6. Nc3 Qxd4 7. Nxd4 Bd7 8. e4 Nc6 9. Nxc6 Bxc6 10. e5 Nd7 11.
Bf4 e6 12. O-O-O Rc8 13. Kb1 a6 14. f3 Bb4 15. Bd3 Nc5 16. Bc2 Bxc3 17. bxc3 Ba4 18. Rd4 Bxc2+ 19. Kxc2 O-O 20. Rhd1 Rc6 21. Be3 h6 22. f4 h5 23. Rd8 Na4 24. Rxf8+ Kxf8 25. Bd4 b5 26. Kb3 g6 27. Rd3 Ke8 28. Bf2 Rc4 29. Bh4 Nc5+ 30. Kc2 Nxd3 31. Kxd3 Rxf4 32. Bf6 Ra4 33. Ke3 Rxa2 34. Kd4 Kd7 35. Kc5 Rxg2 0-1

[Event "Late-Titled-Tuesday-Blitz-October-10-2023"]
[Site "Chess.com"]
[Date "2023.10.10"]
[Round "1"]
[White "Gravity_Chess"]
[Black "vladoboch"]
[Result "1-0"]
[WhiteElo "2878"]
[BlackElo "2455"]
[TimeControl "180+1"]
[EndTime "14:05:54 PDT"]
[Termination "Gravity_Chess won by resignation"]

1. c4 e5 2. g3 c6 3. Nf3 e4 4. Nd4 d5 5. cxd5 Qxd5 6. Nc2 Nf6 7. Bg2 Bc5 8. Nc3 Qe5 9. O-O O-O 10. d4 exd3 11. exd3 Bg4 12. Qe1 Qh5 13. Bf4 Re8 14. Qd2 Nbd7 15. d4 Bf8 16. f3 Bh3 17. g4 Nxg4 18.
fxg4 Bxg4 19. Bg3 Nb6 20. Rae1 Nc4 21. Qc1 g6 22. Qf4 Be6 23. Ne4 Bg7 24. b3 Nb6 25. Nf6+ Bxf6 26. Qxf6 Nd5 27. Bxd5 Bxd5 28. Ne3 Be4 29.
Qh4 Qa5 30. Ng4 1-0

[Event "Late-Titled-Tuesday-Blitz-October-10-2023"]
[Site "Chess.com"]
[Date "2023.10.10"]
[Round "1"]
[White "Dhaydon19"]
[Black "topin8"]
[Result "1-0"]
[WhiteElo "2791"]
[BlackElo "2422"]
[TimeControl "180+1"]
[EndTime "14:05:54 PDT"]
[Termination "Dhaydon19 won by checkmate"]

1. d4 Nf6 2. Nc3 c5 3. d5 d6 4.
e4 g6 5. a4 Bg7 6. Bb5+ Nfd7 7. Nge2 O-O 8. O-O Na6 9. h3 Nc7 10. Bc4 a6 11. a5 b5 12. axb6 Nxb6 13. Ba2 Nb5 14. Bd2 f5 15. exf5 Bxf5 16. Ng3 Kh8 17. Re1 Ra7 18. Nxf5 Rxf5 19. Ne4 Bxb2 20. c4 Bg7 21.
cxb5 axb5 22. Bc3 Bxc3 23. Nxc3 b4 24. Ne4 Qa8 25. Qc2 Nxd5 26. Bxd5 Rxd5 27. Qb2+ Rd4 28.
Rxa7 Qxa7 29. Ra1 Qb7 30. Ng5 e5 31. Nf3 Re4 32. Qd2 b3 33. Qxd6 b2 34. Qf8# 1-0

[Event "Late-Titled-Tuesday-Blitz-October-10-2023"]
[Site "Chess.com"]
[Date "2023.10.10"]
[Round "1"]
[White "SchachmattTV_Tobi"]
[Black "canary2016"]
[Result "1-0"]
[WhiteElo "2563"]
[BlackElo "2172"]
[TimeControl "180+1"]
[EndTime "14:05:55 PDT"]
[Termination "SchachmattTV_Tobi won by resignation"]

1. e4 c5 2. Nc3 d6 3. g3 Nf6 4. Bg2 Nc6 5. d3 Bg4 6. f3 Bh5 7. g4 Bg6 8. h4 h5 9. g5 Nd7 10. f4 e6 11. Nge2 Nb6 12. Ng3 d5 13. O-O Rc8 14. f5 exf5 15. exf5 Bh7 16. Qxh5 g6 17. fxg6 fxg6 18. Qf3 Qd7 19. Bf4 Be7 20. Rae1 O-O 21. Nxd5 Nxd5 22. Qxd5+ Qxd5 23. Bxd5+ Kh8 24. Bxc6 Rxc6 25.
Rxe7 Bg8 26. Be5+ 1-0

[Event "Late-Titled-Tuesday-Blitz-October-10-2023"]
[Site "Chess.com"]
[Date "2023.10.10"]
[Round "1"]
[White "KorolDimitriy75"]
[Black "FMJoseHerrera"]
[Result "0-1"]
[WhiteElo "2414"]
[BlackElo "2761"]
[TimeControl "180+1"]
[EndTime "14:05:56 PDT"]
[Termination "FMJoseHerrera won by resignation"]

1. d4 Nf6 2. c4 c5 3. d5 b5 4.
Nd2 g6 5. b3 Bg7 6. Bb2 O-O 7.
e4 a6 8. Ngf3 e6 9. Bd3 exd5 10.
cxd5 d6 11. h3 Re8 12. O-O Nbd7 13. Re1 Bb7 14. Rc1 Rc8 15. a4 Qb6 16. Ba1 Ba8 17.
Qc2 Nh5 18. Bxg7 Kxg7 19. Qc3+ Kg8 20. Bf1 Ne5 21. Nxe5 Rxe5 22. Nf3 Re7 23. Rcd1 Rce8 24. e5 dxe5 25. Rxe5 Rxe5 26. Nxe5 Qf6 27. d6 Rd8 28. Qxc5 Nf4 29. Ng4 Nxh3+ 30. Kh2 Qf4+ 31. g3 Qxg4 32. Bxh3 Qxd1 33. Bg2 Bxg2 34. Kxg2 Qxd6 0-1

[Event "Late-Titled-Tuesday-Blitz-October-10-2023"]
[Site "Chess.com"]
[Date "2023.10.10"]
[Round "1"]
[White "jaskol95"]
[Black "ferrufino64"]
[Result "1-0"]
[WhiteElo "2580"]
[BlackElo "2213"]
[TimeControl "180+1"]
[EndTime "14:05:58 PDT"]
[Termination "jaskol95 won by resignation"]

1. d4 d5 2. Nc3 Nf6 3. Bf4 e6 4. Nb5 Na6 5. e3 c6 6. Nc3 Nc7 7. Nf3 Bd6 8. Ne5 O-O 9. Bd3 c5 10. dxc5 Bxc5 11. Qf3 d4 12. exd4 Bxd4 13. O-O Bxc3 14.
bxc3 Ncd5 15. Bg5 h6 16. Bh4 g5 17. Bg3 Kg7 18. h4 Rg8 19. hxg5 hxg5 20. Rfe1 Kf8 21. c4 Nb4 22. Rad1 Qe7 23. c3 Nc6 24. Nxc6 bxc6 25.
Bh7 Kg7 26. Bxg8 Nxg8 27. Bd6 Qf6 28. Be5 1-0

[Event "Late-Titled-Tuesday-Blitz-October-10-2023"]
[Site "Chess.com"]
[Date "2023.10.10"]
[Round "1"]
[White "IlanSchnaider"]
[Black "stasOR4ik"]
[Result "1-0"]
[WhiteElo "2786"]
[BlackElo "2421"]
[TimeControl "180+1"]
[EndTime "14:06:01 PDT"]
[Termination "IlanSchnaider won by checkmate"]

1. e4 e6 2. d4 d5 3. Nd2 dxe4 4. Nxe4 Nf6 5. Bd3 Bd7 6. Nf3 Bc6 7. Ng3 h5 8. Bg5 Be7 9. h4 Ng4 10. c3 Nd7 11.
Qd2 Ndf6 12. O-O-O a5 13. Rhe1 a4 14. Ne5 Qd5 15.
Kb1 Qxg2 16. Nxc6 bxc6 17. Re2 Rb8 18. Ka1 Qd5 19. Ne4 Nxe4 20. Bxe4 Qb5 21. c4 Bxg5 22. hxg5 Qb4 23. Bxc6+ Kf8 24. Qf4 Qd6 25. Qe4 a3 26. b3 e5 27. Bd5 exd4 28. Qf5 g6 29.
Qxf7# 1-0

[Event "Late-Titled-Tuesday-Blitz-October-10-2023"]
[Site "Chess.com"]
[Date "2023.10.10"]
[Round "1"]
[White "chessisveryfun1264"]
[Black "lluiss"]
[Result "1-0"]
[WhiteElo "2583"]
[BlackElo "2218"]
[TimeControl "180+1"]
[EndTime "14:06:09 PDT"]
[Termination "chessisveryfun1264 won on time"]

1. Nf3 Nf6 2. g3 g6 3. Bg2 Bg7 4. O-O O-O 5. b3 Ne4 6. d4 d5 7. c4 e6 8. Bb2 c5 9. Qc2 Nc6 10. cxd5 exd5 11. dxc5 Bxb2 12. Qxb2 Nxc5 13. Rd1 Be6 14.
Nc3 d4 15. Nb5 d3 16. exd3 Nxd3 17. Qe2 Bf5 18. g4 Re8 19. Qf1 a6 20. gxf5 axb5 21. Qxd3 Qf6 22. fxg6 hxg6 23. Nd4 Rad8 24. Bxc6 bxc6 25. Qf3 Qg5+ 26. Qg3 Qf6 27. Nc2 Qb2 28. Ne3 Rxd1+ 29. Rxd1 Qxa2 30. Ng4 Qb2 31. Qf3 Re6 32. Rd8+ Kg7 33. Qh3 1-0

[Event "Late-Titled-Tuesday-Blitz-October-10-2023"]
[Site "Chess.com"]
[Date "2023.10.10"]
[Round "1"]
[White "Djager97"]
[Black "wild3000"]
[Result "1-0"]
[WhiteElo "2634"]
[BlackElo "2317"]
[TimeControl "180+1"]
[EndTime "14:06:10 PDT"]
[Termination "Djager97 won by resignation"]

1. e4 c5 2. Nc3 Nc6 3. Nge2 g6 4. g3 Bg7 5. Bg2 d6 6. d3 e5 7. O-O Nge7 8. f4 O-O 9. h3 f5 10. exf5 Nxf5 11. g4 Nh4 12. Bd5+ Kh8 13. Ne4 Nb4 14. Bb3 Qe7 15. c3 Nc6 16. Be3 exf4 17. Nxf4 Ne5 18. Qe2 Bd7 19. Rf2 Rae8 20. Raf1 Nxd3 21.
Nxd3 Qxe4 22. Rxf8+ Rxf8 23. Rxf8+ Bxf8 24. Bd4+ cxd4 25. Qxe4 Bc6 26. Qxd4+ Bg7 27. Qxd6 Nf3+ 28. Kf2 h6 29.
Qd8+ 1-0

[Event "Late-Titled-Tuesday-Blitz-October-10-2023"]
[Site "Chess.com"]
[Date "2023.10.10"]
[Round "1"]
[White "NelsonLinda"]
[Black "martinez_95"]
[Result "1-0"]
[WhiteElo "2590"]
[BlackElo "2230"]
[TimeControl "180+1"]
[EndTime "14:06:10 PDT"]
[Termination "NelsonLinda won by resignation"]

1. b3 Nf6 2. Bb2 g6 3. Bxf6 exf6 4. c4 Bg7 5. Nc3 O-O 6. e3 f5 7. Nge2 c6 8. g3 Na6 9. d4 d5 10. cxd5 cxd5 11. Bg2 Be6 12. O-O Qa5 13. a3 Rac8 14. Qd2 Rfd8 15. Rfc1 b5 16. Nf4 Nc7 17.
b4 Qb6 18. Nd3 Ne8 19. Nc5 Nf6 20. Qe2 a6 21. a4 Ne4 22. axb5 Nxc3 23. Rxc3 Qxb5 24.
Qxb5 axb5 25. Bf1 Ra8 26. Rca3 Rxa3 27. Rxa3 g5 28. Ra5 f4 29. Rxb5 fxe3 30. fxe3 Re8 31.
Kf2 g4 32. Ra5 Bh6 33. b5 Bf5 34. Ra3 Rb8 35. Rb3 Bc2 36. Rb2 Be4 37. b6 Bf5 38. b7 Bf8 39. Na6 1-0

[Event "Late-Titled-Tuesday-Blitz-October-10-2023"]
[Site "Chess.com"]
[Date "2023.10.10"]
[Round "1"]
[White "BlueWizzard"]
[Black "a-z30"]
[Result "1-0"]
[WhiteElo "2904"]
[BlackElo "2473"]
[TimeControl "180+1"]
[EndTime "14:06:13 PDT"]
[Termination "BlueWizzard won on time"]

1. d4 d6 2. Nc3 Nf6 3. Bg5 Nbd7 4.
Nf3 h6 5. Bf4 g6 6. e4 Bg7 7. h3 O-O 8. Qd2 Kh7 9. O-O-O c5 10.
dxc5 Nxc5 11. e5 Nfe4 12. Nxe4 Nxe4 13. Qe3 d5 14. Bd3 Qb6 15. Nd4 Bd7 16. h4 h5 17.
f3 Nc5 18. g4 Ne6 19. Nxe6 Qxe3+ 20. Bxe3 Bxe6 21. gxh5 Bxe5 22. hxg6+ fxg6 23. h5 Rxf3 24. hxg6+ Kg8 25. Bd2 Bf5 26. Rde1 Bf6 27. Bxf5 Rxf5 28. Reg1 Rd8 29. Rh3 Bg7 30. Bh6 1-0

[Event "Late-Titled-Tuesday-Blitz-October-10-2023"]
[Site "Chess.com"]
[Date "2023.10.10"]
[Round "1"]
[White "Druid24"]
[Black "rochaaaaaaaaaa"]
[Result "1-0"]
[WhiteElo "2717"]
[BlackElo "2398"]
[TimeControl "180+1"]
[EndTime "14:06:14 PDT"]
[Termination "Druid24 won by resignation"]

1. d4 d5 2. Nf3 Nf6 3. c4 e6 4. Nc3 dxc4 5. e4 b5 6. e5 Nd5 7.
Nxb5 Nb6 8. Nc3 Nc6 9. Be2 Be7 10. O-O O-O 11. Qd2 Bb7 12. Qf4 Qd7 13. Qg3 Rfd8 14.
Bh6 Bf8 15. Rad1 Ne7 16. Qg4 Nf5 17. Bg5 Re8 18. Ne4 Bxe4 19. Qxe4 Rab8 20. g4 Ne7 21. Bc1 Ned5 22. Ng5 g6 23. Qf3 Bg7 24. Qh3 h6 25. Ne4 g5 26. f4 Nxf4 27. Bxf4 gxf4 28. g5 hxg5 29. Nxg5 Nd5 30. Bxc4 Ne3 31. Rxf4 Nxd1 32. Qh7+ Kf8 33. Qh5 Re7 34. Nh7+ Kg8 35. Nf6+ Bxf6 36. exf6 1-0

[Event "Late-Titled-Tuesday-Blitz-October-10-2023"]
[Site "Chess.com"]
[Date "2023.10.10"]
[Round "1"]
[White "isainz"]
[Black "2346PL"]
[Result "0-1"]
[WhiteElo "2013"]
[BlackElo "2534"]
[TimeControl "180+1"]
[EndTime "14:06:14 PDT"]
[Termination "2346PL won on time"]

1. e4 d6 2. d4 Nf6 3. Nc3 e5 4.
Nf3 Nbd7 5. Bc4 Be7 6. dxe5 dxe5 7. O-O O-O 8. Qe2 c6 9. a4 a5 10. Rd1 Qc7 11. h3 h6 12. Be3 Re8 13. Rd2 Nf8 14. Rad1 Ng6 15. Qf1 Nh5 16. Ne2 Nhf4 17. Bxf4 Nxf4 18.
Nxf4 exf4 19. e5 g5 20. Qd3 Kg7 21. Qe4 Rb8 22. Nh2 b5 23. Bd3 Rh8 24. Ng4 bxa4 25. Nf6 Bxf6 26. exf6+ Kxf6 27. Qd4+ Qe5 28. Qa7 Be6 29.
Re2 Qxb2 30. Qc7 Rhc8 31. Qxa5 a3 32. Rxe6+ fxe6 33. Qa7 Rb7 34. Qc5 Qb4 0-1

[Event "Late-Titled-Tuesday-Blitz-October-10-2023"]
[Site "Chess.com"]
[Date "2023.10.10"]
[Round "1"]
[White "frederiksvane"]
[Black "RIPOL"]
[Result "1-0"]
[WhiteElo "2891"]
[BlackElo "2459"]
[TimeControl "180+1"]
[EndTime "14:06:15 PDT"]
[Termination "frederiksvane won by resignation"]

1. a3 d5 2. Nf3 Nf6 3. e3 e6 4. c4 Be7 5. Nc3 O-O 6. b4 c6 7. Bb2 Nbd7 8. d4 dxc4 9. Bxc4 b5 10. Bd3 a5 11. bxa5 Qxa5 12. O-O Bb7 13. Qe2 Bd6 14. Ng5 Qd8 15. Nge4 Nxe4 16. Nxe4 Be7 17. Rfc1 Qb6 18. Qc2 h6 19. Qb3 Ba6 20. Qc3 Rfc8 21. d5 Bf8 22. dxc6 Nb8 23. c7 Nd7 24. Qc6 Ra7 25. Qxd7 1-0